 Dungeon Crawl Stone Soup version 0.18.1-48-g4cf74bf (webtiles) character file.

120912 dvd the Earth Mage (level 16, -15/88 HPs)
             Began as a Gargoyle Earth Elementalist on June 28, 2016.
             Was the Champion of Okawaru.
             Demolished by a jumping spider (17 damage)
             ... on level 2 of the Spider Nest on June 29, 2016.
             The game lasted 02:49:01 (31320 turns).

dvd the Earth Mage (Gargoyle Earth Elementalist)   Turns: 31320, Time: 02:49:02

Health: -15/88     AC: 32    Str: 13 (14) XL:     16   Next: 83%
Magic:  1/32       EV:  9    Int: 15 (17) God:    Okawaru [******]
Gold:   1547       SH:  0    Dex: 19      Spells: 8 memorised, 19 levels left

rFire  + . .     SeeInvis +     a - +8 quarterstaff (chaos)
rCold  + + .     Gourm    .     w - +5 ring mail "Gosichat" {rN++ Regen+}
rNeg   + + +     Faith    .     (shield currently unavailable)
rPois  ∞         Spirit   .     F - +2 hat {SInv}
rElec  +         Dismiss  .     v - +0 cloak "Huuj" {rF+}
rCorr  .         Reflect  .     B - +2 pair of gloves
SustAt .         Harm     .     z - +2 pair of boots {Fly}
MR     +....                    h - amulet of magic regeneration
Stlth  +++++.....               b - ring "Nuodd" {rC++ Stlth+}
                                l - +3 ring of dexterity

@: flying, very slightly contaminated, held, repel missiles, somewhat resistant
to hostile enchantments, quite stealthy
A: big wings, rugged brown scales 2, agile 2, deformed body, deterioration 1,
dopey 1, frail 1, negative energy resistance 1, electricity resistance,
unbreathing, petrification resistance, rot immunity, AC +11
a: Stop Flying, Heroism, Finesse, Renounce Religion


You were on level 2 of the Spider Nest.
You worshipped Okawaru.
Okawaru was exalted by your worship.
You were hungry.

You visited 5 branches of the dungeon, and saw 27 of its levels.
You also visited: Volcano.

You collected 2338 gold pieces.
You spent 791 gold pieces at shops.

Inventory:

Hand Weapons
 a - a +8 quarterstaff of chaos (weapon)
 c - the +0 dire flail of Woe {elec, +Fly rF- MP+9 Str+4}
   (Okawaru gifted it to you on level 5 of the Lair of Beasts)

   Occasionally, upon striking a foe, it will discharge some electrical energy
   and cause terrible harm.
   It affects your strength (+4).
   It makes you vulnerable to fire.
   It affects your magic capacity (+9).
   It lets you fly.
 P - the +4 quarterstaff of Drought {flame, Dex+4}
   (Okawaru gifted it to you on level 5 of the Lair of Beasts)

   It has been specially enchanted to burn those struck by it, causing extra
   injury to most foes and up to half again as much damage against particularly
   susceptible opponents.
   It affects your dexterity (+4).
Armour
 r - a +5 ring mail of cold resistance
 v - the +0 cloak "Huuj" (worn) {rF+}
   (You found it on level 12 of the Dungeon)

   It protects you from fire.
 w - the +5 ring mail "Gosichat" (worn) {rN++ Regen+}
   (You found it on level 4 of the Dungeon)

   It greatly protects you from negative energy.
   It increases your rate of regeneration.
 z - a +2 pair of boots of flying (worn)
 B - a +2 pair of gloves (worn)
 C - the +0 cloak "Yrokathe" {Dex+3}
   (Okawaru gifted it to you on level 1 of the Lair of Beasts)

   It affects your dexterity (+3).
 F - a +2 hat of see invisible (worn)
 K - a +2 buckler
 W - a +3 scale mail of fire resistance
Jewellery
 b - the ring "Nuodd" (right hand) {rC++ Stlth+}
   (You bought it in a shop on level 1 of the Orcish Mines)

   [ring of stealth]

   It greatly protects you from cold.
   It makes you more stealthy.
 h - an amulet of magic regeneration (around neck)
 l - a +3 ring of dexterity (left hand)
 t - a +3 amulet of reflection
 D - an uncursed ring of see invisible
 Z - the amulet of Vitality {Regen+ HP+15}
   (You found it on level 8 of the Lair of Beasts)

   [amulet of regeneration]

   It affects your health (+15).
   It increases your rate of regeneration.
Wands
 i - a wand of lightning (6/15)
 k - a wand of acid (11/15)
 p - a wand of iceblast (7/15)
 q - a wand of iceblast (8/15)
 y - a wand of hasting (4/9)
 E - a wand of confusion (16/48)
 L - a wand of disintegration (10/24)
 Y - a wand of lightning (3/15)
Scrolls
 m - 16 scrolls of identify
 s - a scroll of enchant armour
 x - 2 scrolls of recharging
 H - 3 scrolls of blinking
 N - a scroll of magic mapping
 O - 2 scrolls of amnesia
 Q - 4 scrolls of teleportation
 S - 8 scrolls of remove curse
Potions
 f - a potion of might
 o - 4 potions of agility
 u - 7 potions of curing
 G - 6 potions of brilliance
 M - a potion of cure mutation
 T - 2 potions of cancellation
 V - 5 potions of invisibility
Books
 e - a book of Enchantments

   Spells                             Type                      Level
   a - Cause Fear                     Hexes                        4
   b - Yara's Violent Unravelling     Hexes/Transmutation          5
   c - Silence                        Hexes/Air                    5
   d - Deflect Missiles               Charms/Air                   6
   e - Haste                          Charms                       6
   f - Discord                        Hexes                        8
 g - a book of Debilitation

   Spells                             Type                      Level
   a - Corona                         Hexes                        1
   b - Slow                           Hexes                        2
   c - Gell's Gravitas                Hexes/Translocation          3
   d - Inner Flame                    Hexes/Fire                   3
   e - Cause Fear                     Hexes                        4
   f - Leda's Liquefaction            Hexes/Earth                  4
 J - a book of Maledictions

   Spells                             Type                      Level
   a - Corona                         Hexes                        1
   b - Ensorcelled Hibernation        Hexes/Ice                    2
   c - Confuse                        Hexes                        3
   d - Tukima's Dance                 Hexes                        3
   e - Dazzling Spray                 Conjuration/Hexes            3
 R - a book of the Dragon

   Spells                             Type                      Level
   a - Flame Tongue                   Conjuration/Fire             1
   b - Cause Fear                     Hexes                        4
   c - Bolt of Fire                   Conjuration/Fire             6
   d - Dragon Form                    Transmutation                7
   e - Dragon's Call                  Summoning                    9
Comestibles
 d - 11 bread rations
 j - 27 fruits
 n - 8 slices of pizza
 A - 10 royal jellies
 I - 4 meat rations
 X - 2 chunks of flesh


   Skills:
 + Level 8.0 Fighting
 + Level 1.9(7.4) Maces & Flails
 * Level 11.2 Staves
 + Level 0.1 Throwing
 + Level 8.3 Armour
 + Level 10.0 Dodging
 + Level 8.9 Stealth
 + Level 12.9 Spellcasting
 + Level 10.0 Conjurations
 + Level 2.7 Hexes
 * Level 0.5 Charms
 * Level 1.4 Translocations
   Level 1.2 Transmutations
 + Level 1.4 Fire Magic
 * Level 1.0 Air Magic
 + Level 15.4 Earth Magic
 + Level 3.0 Invocations
 + Level 0.3 Evocations


You had 19 spell levels left.
You knew the following spells:

 Your Spells              Type           Power        Failure   Level  Hunger
a - Stone Arrow           Conj/Erth      #####.       1%          3    None
b - Lee's Rapid Deconstr  Erth           ######....   1%          5    #####..
c - Flame Tongue          Conj/Fire      ####.        1%          1    None
d - Call Imp              Summ           #.......     21%         2    None
e - Dazzling Spray        Conj/Hex       ####..       2%          3    None
f - Confuse               Hex            ###.....     17%         3    None
g - Blink                 Tloc           N/A          12%         2    None
h - Repel Missiles        Chrm/Air       ##....       14%         2    None


Dungeon Overview and Level Annotations

Branches:
Dungeon (14/15)            Temple (1/1) D:6            Lair (8/8) D:11
  Swamp (0/4) Lair:6       Spider (2/4) Lair:5        Slime (0/6) Lair:7
    Orc (2/2) D:10            Elf (0/3) Orc:2        Vaults (0/5) D:14

Altars:
Ashenzari
Cheibriados
Dithmenos
Elyvilon
Fedhas
Gozag
Kikubaaqudgha
Makhleb
Nemelex Xobeh
Okawaru
Pakellas
Qazlal
Ru
Sif Muna
Trog
Vehumet
Xom
Yredelemnul
Zin
The Shining One
Jiyva

Shops:
Orc:1 (*%*   Orc:2 [*:}

Portals:
Trove: D:13 (give 6 potions of agility)

Annotations:
Spider:2 sveltemanboy's ghost, adept OgHu


Innate Abilities, Weirdness & Mutations

You are resistant to torment.
Your stone body is resilient (AC +11).
You are immune to poison.
Your large and strong wings let you fly indefinitely.
You resist negative energy.
You are resistant to electric shocks.
You can survive without breathing.
You are immune to petrification.
You are immune to rotting.
You are mostly covered in rugged brown scales (AC +2, +5% HP).
You are very agile. (Dex +4)
Armour fits poorly on your strangely shaped body.
Your body sometimes deteriorates upon taking damage.
You are dopey. (Int -2)
You are frail (-10% HP).


Message History

The bolt of lightning hits the moth of wrath.
The moth of wrath is moderately wounded.
This wand has 3 charges left.
You hear an angry hiss.
The jumping spider pounces on you!
* * * LOW HITPOINT WARNING * * *
You are caught in a web!
The jumping spider bites you but does no damage.
The jumping spider pounces on you!!
* * * LOW HITPOINT WARNING * * *
The jumping spider bites you but does no damage.
Casting: Blink
Confirm with . or Enter, or press ? or * to list all spells.
You miscast Blink.
You are very lightly contaminated with residual magic.
The air around you crackles with energy!
The jumping spider pounces on you but does no damage.
The jumping spider bites you but does no damage.
The jumping spider pounces on you!
You die...

####^............#
###...........#
#.#...........#
##.............#
#..............#
####..............#
#..^..............#
##................#
##.......^@........#
#........ss........# ####
###^........†......#
#..### #.................#
#....####................#
#......#......§.y........#
.......#..............>..#
.###...##................#
..#....#.....=)..........#


You could see a moth of wrath and 2 jumping spiders.

Vanquished Creatures
  Frances (D:13)
  Kirke (Lair:8)
  Gastronok (D:12)
  The ghost of nikopol the Severer, a journeyman HOBe of Trog (Lair:8)
  A dire elephant (Lair:6)
  Snorg (D:11)
  The ghost of ReniFell the Severer, a journeyman MiBe of Trog (D:12)
  An ettin (Orc:1)
  Fannar (D:11)
  Harold (Lair:1)
  2 catoblepae (Lair:8)
  9 hydras
  Erica (D:8)
  A centaur warrior (D:13)
  6 ogre magi
  A death knight (D:11)
  7 death yaks
  A hell hog (Lair:5)
  6 skeletal warriors
  2 unseen horrors
  2 deep trolls
  The ghost of TBriggs11TB the Fighter, a novice DrBe of Trog (D:6)
  A lindwurm (Lair:7)
  8 hill giants
  8 orb spiders
  2 orc knights
  An ugly thing (D:12)
  10 wolf spiders
  The ghost of Aquadorian the Covert, a novice VSAs of Dithmenos (D:8)
  An oklob plant (Lair:2)
  3 cyclopes
  An orc sorcerer (Orc:1)
  4 griffons
  4 manticores
  8 elephants
  5 black mambas
  Maurice (D:9)
  3 gargoyles (D:13)
  Psyche (D:11)
  A rime drake (Lair:7)
  13 spiny frogs
  9 komodo dragons
  5 yaktaurs (D:14)
  An efreet (D:14)
  A kobold demonologist (D:14)
  6 demonic crawlers
  A queen bee (Lair:5)
  12 trolls
  5 polar bears
  11 jumping spiders
  11 two-headed ogres
  4 slime creatures (D:12)
  Prince Ribbit (D:9)
  A hornet zombie (D:14)
  4 boulder beetles
  6 blink frogs
  2 shadows
  9 tarantellas
  21 redbacks
  4 wyverns
  A human (D:8)
  69 yaks
  2 fire bats (Volcano)
  3 hogs (Lair:8)
  3 basilisks
  10 hippogriffs
  2 hungry ghosts
  3 wargs
  3 steam dragons
  Edmund (D:5)
  A soldier ant (D:12)
  15 water moccasins
  2 sky beasts
  8 porcupines
  14 ice beasts
  16 orc warriors
  3 phantoms
  5 black bears
  2 wasps
  2 eyes of draining
  A boggart (D:14)
  2 necrophages
  33 ogres
  14 centaurs
  13 wolves
  7 crocodiles
  5 big kobolds
  13 giant frogs
  A gnoll sergeant (D:6)
  4 scorpions
  A wyvern skeleton (D:14)
  32 killer bees
  14 electric eels
  12 wights
  A vampire bat (Lair:5)
  11 howler monkeys
  7 crimson imps
  A giant frog zombie (D:11)
  2 quasits
  4 lava snakes (Volcano)
  A gnoll shaman (D:8)
  7 hounds
  9 orc priests
  Crazy Yiuf (D:3)
  21 orc wizards
  2 giant frog skeletons
  5 centaur skeletons
  Ijyb (D:3)
  Terence (D:3)
  Natasha (twice) (D:4)
  11 iguanas
  6 worker ants
  32 sheep
  A killer bee simulacrum (D:8)
  A worker ant zombie (D:11)
  Robin (D:2)
  22 adders
  11 gnolls
  96 river rats
  2 shadow imps
  2 white imps (D:8)
  3 ufetubi (D:8)
  An ooze (D:3)
  4 worms
  An adder skeleton (D:9)
  7 dart slugs
  An adder simulacrum (D:8)
  A giant gecko (D:3)
  52 orcs
  7 giant cockroaches
  27 goblins
  7 hobgoblins
  10 jackals
  16 kobolds
  10 quokkas
  5 ball pythons
  A ball python skeleton (D:5)
  12 bats
  2 giant gecko skeletons
  7 giant newts
  11 rats
  A fungus (D:10)
  4 plants
1007 creatures vanquished.

Vanquished Creatures (collateral kills)
  A griffon (Lair:7)
  A black mamba (Lair:7)
  A basilisk (Lair:7)
  2 river rats (Lair:7)
5 creatures vanquished.

Vanquished Creatures (others)
  A griffon (Lair:8)
  A komodo dragon (D:12)
  A redback (Spider:2)
  A sheep (Lair:8)
  A howler monkey skeleton (D:9)
  4 river rats
  15 bushes (D:14)
  26 fungi
  11 plants
61 creatures vanquished.

Grand Total: 1073 creatures vanquished

Notes
Turn   | Place    | Note
--------------------------------------------------------------
     0 | D:1      | dvd the Gargoyle Earth Elementalist began the quest for the Orb.
     0 | D:1      | Reached XP level 1. HP: 10/10 MP: 3/3
   100 | D:1      | Reached skill level 4 in Earth Magic
   100 | D:1      | Reached XP level 2. HP: 15/15 MP: 3/5
   574 | D:1      | Reached XP level 3. HP: 19/19 MP: 4/6
   952 | D:1      | Learned a level 3 spell: Stone Arrow
  1532 | D:2      | Found a faded altar to an unknown god.
  1576 | D:2      | Noticed Robin
  1581 | D:2      | Killed Robin
  1581 | D:2      | Reached XP level 4. HP: 24/24 MP: 0/8
  1663 | D:2      | Became a worshipper of Warmaster Okawaru
  1663 | D:2      | Reached * piety under Okawaru
  1792 | D:2      | Found a radiant altar of Vehumet.
  1795 | D:2      | Found a snail-covered altar of Cheibriados.
  1796 | D:2      | Found a deep blue altar of Sif Muna.
  1799 | D:2      | Found a shattered altar of Ashenzari.
  2021 | D:2      | Found a sparkling altar of Nemelex Xobeh.
  2319 | D:2      | Reached XP level 5. HP: 28/28 MP: 9/9
  2344 | D:2      | Reached skill level 5 in Earth Magic
  2825 | D:3      | Noticed Terence
  2838 | D:3      | Killed Terence
  3116 | D:3      | Noticed Crazy Yiuf
  3122 | D:3      | Killed Crazy Yiuf
  3194 | D:3      | Noticed Ijyb
  3330 | D:3      | Killed Ijyb
  3330 | D:3      | Reached XP level 6. HP: 29/32 MP: 1/11
  3716 | D:4      | Found a glowing golden altar of the Shining One.
  3897 | D:4      | Found a shadowy altar of Dithmenos.
  4011 | D:4      | Noticed Natasha
  4018 | D:4      | Killed Natasha
  4122 | D:4      | Reached ** piety under Okawaru
  4310 | D:4      | Reached skill level 1 in Staves
  4310 | D:4      | Reached skill level 1 in Conjurations
  4375 | D:4      | Got an ichor-stained ring mail
  4414 | D:4      | Noticed Natasha
  4417 | D:4      | Killed Natasha
  4417 | D:4      | Reached skill level 6 in Earth Magic
  4447 | D:4      | Reached XP level 7. HP: 37/37 MP: 6/13
  4917 | D:5      | Entered Level 5 of the Dungeon
  4969 | D:5      | Noticed Edmund
  4982 | D:5      | Killed Edmund
  4982 | D:5      | Reached skill level 1 in Fighting
  5026 | D:5      | Reached skill level 1 in Armour
  5415 | D:6      | Noticed TBriggs11TB's ghost (novice DrBe)
  5906 | D:6      | Found a staircase to the Ecumenical Temple.
  5917 | Temple   | Entered the Ecumenical Temple
  6010 | D:6      | Reached XP level 8. HP: 42/43 MP: 8/15
  6137 | D:6      | Reached *** piety under Okawaru
  6218 | D:6      | Reached skill level 5 in Spellcasting
  6666 | D:6      | Reached skill level 7 in Earth Magic
  6874 | D:6      | Reached XP level 9. HP: 27/48 MP: 4/17
  6979 | D:6      | Identified the +5 ring mail "Gosichat" {rN++ Regen+} (You found it on level 4 of the Dungeon)
  7056 | D:6      | Learned a level 5 spell: Lee's Rapid Deconstruction
  7341 | D:7      | Got a brightly glowing mace
  7342 | D:7      | Identified the +7 mace of Flawed Execution {pain, rN+ Int-3 Dex+4} (You found it on level 7 of the Dungeon)
  8147 | D:8      | Noticed a polar bear
  8160 | D:8      | Killed a polar bear
  8162 | D:8      | Noticed a polar bear
  8205 | D:8      | Killed a polar bear
  8205 | D:8      | Reached skill level 5 in Stealth
  8274 | D:8      | Reached **** piety under Okawaru
  8345 | D:8      | Reached skill level 1 in Invocations
  8345 | D:8      | Reached XP level 10. HP: 53/56 MP: 19/19
  8374 | D:8      | Noticed Aquadorian's ghost (novice VSAs)
  8378 | D:8      | Reached skill level 5 in Conjurations
  8427 | D:8      | Killed Aquadorian's ghost
  8427 | D:8      | Reached skill level 8 in Earth Magic
  8451 | D:8      | Reached skill level 5 in Dodging
  8774 | D:8      | Reached ***** piety under Okawaru
  9219 | D:8      | Noticed Erica
  9238 | D:8      | Received a gift from Okawaru
  9250 | D:8      | Killed Erica
  9250 | D:8      | Reached skill level 5 in Armour
  9332 | D:8      | Reached skill level 5 in Staves
  9405 | D:8      | HP: 2/56 [squashed by a boulder beetle (31)]
  9630 | D:9      | Identified the Volume of Mutagenic Orientation (You found it on level 9 of the Dungeon)
  9647 | D:9      | Noticed Prince Ribbit
  9652 | D:9      | Noticed Maurice
  9656 | D:9      | Killed Prince Ribbit
  9656 | D:9      | Received a gift from Okawaru
  9656 | D:9      | Reached skill level 9 in Earth Magic
  9656 | D:9      | Reached XP level 11. HP: 44/61 MP: 1/21
  9725 | D:9      | Killed Maurice
 10189 | D:9      | Found an oddly glowing altar of Pakellas.
 10437 | D:9      | Found a stormy altar of Qazlal.
 10498 | D:10     | Entered Level 10 of the Dungeon
 10637 | D:10     | Noticed a hill giant
 10745 | D:10     | Killed a hill giant
 11218 | D:10     | Found a blossoming altar of Fedhas.
 11237 | D:10     | Found a staircase to the Orcish Mines.
 11418 | D:10     | Reached skill level 10 in Earth Magic
 11563 | D:10     | Reached skill level 1 in Maces & Flails
 11595 | D:10     | Killed an unseen horror
 12063 | D:10     | Learned a level 1 spell: Flame Tongue
 12129 | D:11     | Noticed a five-headed hydra
 12134 | D:11     | Noticed Snorg
 12135 | D:11     | Killed a five-headed hydra
 12227 | D:11     | Noticed Psyche
 12227 | D:11     | Noticed a hill giant
 12301 | D:11     | Reached ****** piety under Okawaru
 12416 | D:11     | Killed a hill giant
 12416 | D:11     | Reached XP level 12. HP: 61/67 MP: 8/24
 12478 | D:11     | Found a staircase to the Lair.
 12488 | D:11     | Killed Psyche
 12544 | D:11     | Reached skill level 11 in Earth Magic
 12665 | D:11     | Killed Snorg
 13149 | Lair:1   | Entered Level 1 of the Lair of Beasts
 13220 | Lair:1   | Noticed an eight-headed hydra
 13348 | Lair:1   | Gained mutation: Your magical capacity is low (-10% MP). [potion of mutation]
 13348 | Lair:1   | Gained mutation: You are agile. (Dex +2) [potion of mutation]
 13348 | Lair:1   | Gained mutation: You are dopey. (Int -2) [potion of mutation]
 13349 | Lair:1   | Gained mutation: You are very agile. (Dex +4) [potion of mutation]
 13349 | Lair:1   | Gained mutation: You are partially covered in rugged brown scales (AC +1, +3% HP). [potion of mutation]
 13349 | Lair:1   | Lost mutation: Your magical capacity is low (-10% MP). [potion of mutation]
 13438 | Lair:1   | Received a gift from Okawaru
 13443 | Lair:1   | Got an ancient cloak {god gift}
 13587 | Lair:1   | Identified the +0 cloak "Yrokathe" {Dex+3} (Okawaru gifted it to you on level 1 of the Lair of Beasts)
 13774 | Lair:1   | Noticed Harold
 13785 | Lair:1   | Killed Harold
 13821 | Lair:1   | Reached skill level 5 in Fighting
 13994 | Lair:1   | Killed an eight-headed hydra
 13994 | Lair:1   | Reached skill level 1 in Fire Magic
 14160 | Lair:1   | Noticed an eight-headed hydra
 14165 | Lair:1   | Killed an eight-headed hydra
 14801 | Lair:2   | Noticed a four-headed hydra
 14804 | Lair:2   | Found a radiant altar of Vehumet.
 14813 | Lair:2   | Killed a four-headed hydra
 14936 | Lair:2   | Reached XP level 13. HP: 73/74 MP: 11/26
 15053 | Lair:2   | Reached skill level 10 in Spellcasting
 15060 | Lair:2   | Learned a level 4 spell: Petrify
 15235 | Lair:2   | Identified a scroll of acquirement
 15533 | Lair:3   | Received a gift from Okawaru
 15533 | Lair:3   | Reached skill level 12 in Earth Magic
 15615 | Lair:3   | Reached skill level 1 in Transmutations
 15895 | Lair:3   | You fall through a shaft!
 17618 | Lair:5   | Received a gift from Okawaru
 17642 | Lair:5   | Got a fine quarterstaff {god gift}
 17643 | Lair:5   | Identified the +4 quarterstaff of Drought {flame, Dex+4} (Okawaru gifted it to you on level 5 of the Lair of Beasts)
 17827 | Lair:5   | HP: 2/76 [black mamba (18)]
 18310 | Lair:5   | Found a hole to the Spider Nest.
 18630 | Lair:5   | Learned a level 2 spell: Slow
 18677 | Lair:6   | Found a staircase to the Swamp.
 18730 | Lair:6   | Received a gift from Okawaru
 18733 | Lair:6   | Got a pair of crude boots {god gift}
 18739 | Lair:6   | Identified the -5 pair of boots of Jyhamn {rElec rPois} (Okawaru gifted it to you on level 6 of the Lair of Beasts)
 18885 | Lair:6   | Reached skill level 13 in Earth Magic
 19062 | Lair:6   | Noticed a dire elephant
 19062 | Lair:6   | a death yak changed into a dire elephant
 19098 | Lair:6   | Killed a dire elephant
 19098 | Lair:6   | Gained mutation: Your large and strong wings let you fly indefinitely. [Gargoyle growth]
 19098 | Lair:6   | Reached XP level 14. HP: 49/82 MP: 9/29
 19220 | Lair:6   | Learned a level 3 spell: Confuse
 19627 | Lair:7   | Found a viscous altar of Jiyva.
 19627 | Lair:7   | Found a staircase to the Slime Pits.
 19682 | Lair:7   | Found a dark tunnel.
 19687 | Volcano  | Entered a volcano
 19825 | Volcano  | Reached skill level 1 in Hexes
 19921 | Volcano  | Found a burning altar of Makhleb.
 19941 | Volcano  | Found a radiant altar of Vehumet.
 20798 | Lair:8   | Entered Level 8 of the Lair of Beasts
 20853 | Lair:8   | Noticed nikopol's ghost (journeyman HOBe)
 21419 | Lair:7   | Received a gift from Okawaru
 21475 | Lair:7   | Learned a level 3 spell: Dazzling Spray
 22204 | Lair:8   | Killed nikopol's ghost
 22469 | Lair:8   | Noticed Kirke
 22481 | Lair:8   | Noticed a sphinx
 22481 | Lair:8   | Killed Kirke
 22697 | Lair:8   | Reached XP level 15. HP: 87/87 MP: 4/30
 22808 | Lair:8   | Reached skill level 14 in Earth Magic
 23325 | D:6      | Killed TBriggs11TB's ghost
 23498 | Orc:1    | Entered Level 1 of the Orcish Mines
 23656 | Orc:2    | Entered Level 2 of the Orcish Mines
 23714 | Orc:2    | Found an iron altar of Okawaru.
 23728 | Orc:2    | Found Puinu's Book Boutique.
 23750 | Orc:2    | Received a gift from Okawaru
 24257 | Orc:1    | Found Zacias's General Store.
 24359 | Orc:1    | Found Fitaamam's Food Shoppe.
 24454 | Orc:1    | Found Vomoomi's Antique Weapon Boutique.
 24580 | Orc:1    | Found Quetzuif's Assorted Antiques.
 24588 | Orc:1    | Bought a wavering bronze ring for 150 gold pieces
 24589 | Orc:1    | Identified the ring "Nuodd" {rC++ Stlth+} (You bought it in a shop on level 1 of the Orcish Mines)
 24966 | Orc:2    | Found Tezxiss's Gadget Boutique.
 24967 | Orc:2    | Found Isoa's General Store.
 24970 | Orc:2    | Bought a book of Minor Magic for 280 gold pieces
 24973 | Orc:2    | Learned a level 2 spell: Blink
 24976 | Orc:2    | Learned a level 2 spell: Repel Missiles
 25008 | Orc:2    | Found Monyosae's Antique Armour Shop.
 25018 | Orc:2    | Bought an embroidered cloak for 121 gold pieces
 25069 | Orc:2    | Bought a scroll of blinking for 120 gold pieces
 25069 | Orc:2    | Bought a scroll of blinking for 120 gold pieces
 25072 | Orc:2    | Found a staircase to the Elven Halls.
 25169 | Orc:2    | Found a burning altar of Makhleb.
 25546 | D:12     | Noticed Gastronok
 25715 | D:12     | Noticed ReniFell's ghost (journeyman MiBe)
 25728 | D:12     | Killed ReniFell's ghost
 25907 | D:12     | Noticed Fannar
 25946 | D:11     | Killed Fannar
 25999 | D:12     | Killed Gastronok
 26193 | D:12     | Got an ancient cloak
 26204 | D:12     | Identified the +0 cloak "Huuj" {rF+} (You found it on level 12 of the Dungeon)
 26236 | D:12     | Gained mutation: Armour fits poorly on your strangely shaped body. [potion of mutation]
 26236 | D:12     | Gained mutation: Scrolls take you a little longer to read. [potion of mutation]
 26236 | D:12     | Lost mutation: Scrolls take you a little longer to read. [potion of mutation]
 26300 | D:12     | Received a gift from Okawaru
 26646 | D:13     | Reached skill level 10 in Staves
 26933 | D:13     | Reached XP level 16. HP: 94/94 MP: 3/32
 27266 | D:13     | Noticed Frances
 27283 | D:13     | Killed Frances
 27432 | D:13     | Reached skill level 15 in Earth Magic
 27570 | D:13     | Found a portal to a secret trove of treasure.
 27847 | D:14     | Found a gate to the Vaults.
 28320 | D:14     | Got a ruby-encrusted leather armour
 28331 | D:14     | Identified the +1 leather armour of the Mantidfly {MR+} (You found it on level 14 of the Dungeon)
 28919 | Spider:1 | Entered Level 1 of the Spider Nest
 28934 | Lair:5   | Received a gift from Okawaru
 28943 | Lair:5   | Got a crystal dire flail {god gift}
 28944 | Lair:5   | Identified the +0 dire flail of Woe {elec, +Fly rF- MP+9 Str+4} (Okawaru gifted it to you on level 5 of the Lair of Beasts)
 29483 | Spider:1 | Gained mutation: You are frail (-10% HP). [potion of mutation]
 29483 | Spider:1 | Gained mutation: Your body sometimes deteriorates upon taking damage. [potion of mutation]
 29483 | Spider:1 | Gained mutation: You are mostly covered in rugged brown scales (AC +2, +5% HP). [potion of mutation]
 29679 | Lair:5   | Reached skill level 10 in Dodging
 29831 | Spider:2 | Noticed sveltemanboy's ghost (adept OgHu)
 30159 | Spider:2 | Reached skill level 10 in Conjurations
 31113 | Spider:2 | Received a gift from Okawaru
 31124 | Spider:2 | Learned a level 2 spell: Call Imp
 31204 | Spider:2 | Reached skill level 1 in Translocations
 31290 | Spider:2 | Reached skill level 1 in Air Magic
 31319 | Spider:2 | HP: 2/88 [jumping spider (21)]
 31320 | Spider:2 | Demolished by a jumping spider

Skill      XL: |  1  2  3  4  5  6  7  8  9 10 11 12 13 14 15 16 |
---------------+-------------------------------------------------+-----
Earth Magic    | 4 5 6 7 9 10 11 13 14 15 | 15.4
Spellcasting   | 3 4 5 6 8 9 11 12 | 12.9
Dodging        | 2 3 4 5 6 7 8 9 10 | 10.0
Stealth        | 3 4 5 6 7 8 |  8.9
Staves         | 1 2 3 5 6 8 10 11 | 11.2
Conjurations   | 1 2 3 4 6 7 8 9 10 | 10.0
Fighting       | 1 3 4 5 6 7 8 |  8.0
Armour         | 1 3 4 5 6 7 8 |  8.3
Invocations    | 1 2 3 |  3.0
Maces & Flails | 1 |  1.9
Fire Magic     | 1 |  1.4
Transmutations | 1 |  1.2
Hexes          | 2 |  2.7
Translocations | 1 |  1.4
Air Magic      | 1 |  1.0
Throwing       | |  0.1
Charms         | |  0.5
Evocations     | |  0.3

Action                   |  1- 3 |  4- 6 |  7- 9 | 10-12 | 13-15 | 16-18 || total
-------------------------+-------+-------+-------+-------+-------+-------++-------
Melee: Dagger            |    14 |     7 |       |       |       |       ||    21
       Quarterstaff      |       |    89 |   261 |   202 |  1063 |   377 ||  1992
       Whip              |       |       |       |   424 |   101 |       ||   525
       Punch             |       |       |       |     3 |       |       ||     3
Throw: Javelin           |       |       |       |       |     3 |       ||     3
 Cast: Sandblast         |    58 |    88 |       |       |       |       ||   146
       Stone Arrow       |       |    18 |   113 |   273 |   335 |   152 ||   891
       Lee's Rapid Decon |       |       |       |    27 |   120 |    38 ||   185
       Flame Tongue      |       |       |       |    30 |    18 |       ||    48
       Petrify           |       |       |       |       |     8 |       ||     8
       Dazzling Spray    |       |       |       |       |    19 |    30 ||    49
       Slow              |       |       |       |       |     5 |       ||     5
       Confuse           |       |       |       |       |     7 |     1 ||     8
       Repel Missiles    |       |       |       |       |     5 |     5 ||    10
       Blink             |       |       |       |       |       |     7 ||     7
Invok: Heroism           |       |       |     9 |    21 |    34 |     8 ||    72
 Abil: Fly               |       |       |       |       |     1 |       ||     1
Evoke: Wand              |       |       |       |     4 |     2 |    13 ||    19
  Use: Potion            |       |     1 |     7 |     8 |     9 |     3 ||    28
       Scroll            |       |     8 |     4 |    16 |     9 |     9 ||    46
 Stab: Sleeping          |     2 |     4 |     1 |     4 |    12 |     2 ||    25
       Petrifying        |       |       |     1 |       |    14 |     2 ||    17
       Paralysed         |       |       |     7 |     1 |    16 |       ||    24
       Petrified         |       |       |     1 |       |    15 |     1 ||    17
       Confused          |       |       |       |     1 |     3 |     1 ||     5
       Invisible         |       |       |       |       |     2 |     5 ||     7
       Distracted        |       |       |       |       |       |     1 ||     1
  Eat: Chunk             |     2 |    12 |    17 |    26 |    67 |    13 ||   137
       Beef jerky        |       |       |     1 |     1 |     2 |       ||     4
       Pizza             |       |       |     2 |       |       |       ||     2
       Meat ration       |       |       |       |     2 |       |     1 ||     3
       Royal jelly       |       |       |       |       |       |     2 ||     2
Armor: Robe              |    17 |    45 |       |       |       |       ||    62
       Skin              |       |    25 |       |       |       |       ||    25
       Ring mail         |       |    54 |   186 |   543 |   575 |   259 ||  1617
Dodge: Dodged            |    22 |   117 |   160 |   520 |  1252 |   467 ||  2538
       Deflected         |       |       |       |       |    12 |     9 ||    21
